DALLAS vs ANAHEIM

Created - April 17, 2021 at 16:09

Goals
1 2 3 T
DALLAS 0 1 1 2
ANAHEIM 1 0 3 4
Shots
1 2 3 T
DALLAS 7 10 10 27
ANAHEIM 9 12 9 30

1st period

1. ANAHEIM , Frank Vatrano 7 (Joel Edmundson 16, Connor McDavid 25) at 5:02

Penalties :
Evgenii Dadonov (DAL) for High sticking (Minor) at 0:10, Zach Sanford (ANA) for Boarding (Minor) at 13:23, Mike Green (ANA) for Slashing (Minor) at 17:59, Travis Konecny (DAL) for Roughing (Minor) at 17:59

2nd period

2. DALLAS , Mikko Rantanen 24 (Evgenii Dadonov 15) at 13:18 (PP)

Penalties :
Jakob Chychrun (DAL) for Boarding (Minor) at 6:08, Evgeny Kuznetsov (ANA) for Holding (Minor) at 12:10, Andreas Athanasiou (ANA) for Hooking (Minor) at 13:19, Pavel Zacha (DAL) for Hooking (Minor) at 16:08

3rd period

3. ANAHEIM , Connor McDavid 16 (Joel Edmundson 17, Olli Maatta 15) at 1:46
4. DALLAS , Timo Meier 14 (Nikita Zaitsev 34, Pavel Zacha 13) at 5:40
5. ANAHEIM , Frank Vatrano 8 (Jason Zucker 22, Joel Edmundson 18) at 11:56
6. ANAHEIM , Joel Edmundson 5 (Frank Vatrano 6, Olli Maatta 16) at 13:20

Penalties :
Joel Edmundson (ANA) for Holding (Minor) at 6:34

Goalie Stats

Ben Bishop (DAL), 26 saves from 30 shots - (0.867), L, 27-17-6, 60:00 minutes
Cam Talbot (ANA), 25 saves from 27 shots - (0.926), W, 16-17-6, 60:00 minutes

Players Stats for DALLAS

Player Name              G  A  P  +/- PIM S  H  SB GA TA FO     MP     PP MP  PK MP  
------------------------------------------------------------------------------------
Adam Boqvist             0  0  0   1  0   1  2  0  0  0  0/0    16:42   1:05   0:47 
Alex Tuch                0  0  0  -1  0   0  1  0  0  0  2/4    16:01   0:00   0:51 
Auston Matthews          0  0  0  -1  0   3  1  0  0  0  16/30  21:33   3:36   1:22 
Brady Skjei              0  0  0  -1  0   1  4  1  0  0  0/0    24:38   4:01   3:23 
Charlie McAvoy           0  0  0  -3  0   1  3  1  0  0  0/0    24:03   3:26   3:11 
Evgenii Dadonov          0  1  1  -1  2   1  1  0  0  0  0/1    19:09   3:03   0:00 
Ilya Mikheyev            0  0  0   0  0   0  0  0  0  0  0/0     5:50   0:00   0:00 
Jakob Chychrun           0  0  0  -3  2   2  4  0  0  0  0/0    20:13   2:49   1:59 
Jason Spezza             0  0  0  -1  0   1  0  0  0  0  12/16  12:28   0:26   1:08 
Kasperi Kapanen          0  0  0  -1  0   1  1  0  0  0  1/1    14:39   3:03   2:13 
Kirby Dach               0  0  0   0  0   0  0  0  0  0  3/7     5:50   0:00   0:00 
Lawson Crouse            0  0  0  -1  0   1  3  0  0  0  1/1    13:07   0:00   3:44 
Mikko Rantanen           1  0  1  -1  0   5  2  0  0  0  3/6    19:38   3:03   0:00 
Nikita Zaitsev           0  1  1   1  0   0  1  1  0  0  0/0    16:44   0:00   2:34 
Pavel Zacha              0  1  1  -1  2   0  0  0  0  0  9/22   16:14   0:00   2:36 
Quinn Hughes             0  0  0  -1  0   1  0  1  0  0  0/0    17:39   2:49   0:00 
Timo Meier               1  0  1  -1  0   9  1  0  0  0  2/4    17:41   4:02   0:00 
Travis Konecny           0  0  0   0  2   0  0  0  0  0  0/0     9:51   4:02   0:00 

Players Stats for ANAHEIM

Player Name              G  A  P  +/- PIM S  H  SB GA TA FO     MP     PP MP  PK MP  
------------------------------------------------------------------------------------
Andreas Athanasiou       0  0  0   0  2   1  1  0  0  0  1/3    18:23   3:02   0:53 
Andrew Shaw              0  0  0   0  0   0  0  0  0  0  3/3     1:53   0:00   0:00 
Anton Stralman           0  0  0   0  0   0  1  0  0  0  0/0    21:12   3:00   3:09 
Caleb Jones              0  0  0   0  0   0  2  0  0  0  0/0    14:50   0:00   1:06 
Chris Wagner             0  0  0   0  0   0  0  0  0  0  0/1     1:02   0:00   0:00 
Connor McDavid           1  1  2   3  0   5  0  0  0  0  20/34  24:40   2:55   4:06 
Evgeny Kuznetsov         0  0  0   0  2   2  1  0  0  0  10/28  23:19   3:02   3:32 
Frank Vatrano            2  1  3   3  0   6  2  0  0  0  1/2    17:31   2:55   0:00 
Jake McCabe              0  0  0   0  0   3  1  0  0  0  0/0    20:55   3:00   3:09 
Jason Zucker             0  1  1   3  0   4  1  0  0  0  1/2    20:04   2:55   1:52 
Joel Edmundson           1  3  4   3  2   2  3  2  0  0  0/0    22:50   2:57   2:58 
Michael Frolik           0  0  0   0  0   0  0  0  0  0  1/1    15:56   0:00   1:55 
Mike Green               0  0  0   0  2   0  0  0  0  0  0/0     1:49   0:00   0:18 
Olli Maatta              0  2  2   3  0   5  1  4  0  0  0/0    24:30   2:57   3:30 
Pierre-Luc Dubois        0  0  0   0  0   1  1  0  0  0  5/14   16:34   0:00   1:52 
Trevor van Riemsdyk      0  0  0   0  0   0  2  0  0  0  0/0    13:52   0:00   0:00 
Tyler Motte              0  0  0   0  0   1  1  0  0  0  0/2    14:01   0:00   0:00 
Zach Sanford             0  0  0   0  2   0  0  0  0  0  1/2    17:30   3:02   0:00 

3 Stars

1 - Frank Vatrano (ANA)
2 - Joel Edmundson (ANA)
3 - Connor McDavid (ANA)

Power Play

DALLAS - 1 on 4 Attempt(s) - 25.00%
ANAHEIM - 0 on 3 Attempt(s) - 0.00%

Penalty Kill

DALLAS - 3 on 3 Attempt(s) - 100.00% - Score 0 goal in Penalty Kill
ANAHEIM - 3 on 4 Attempt(s) - 75.00% - Score 0 goal in Penalty Kill

Team Stat

DALLAS - Hits : 24 - Faceoff Wins : 49 - Blocked Shots : 4 - Penalty Minutes : 8
ANAHEIM - Hits : 17 - Faceoff Wins : 43 - Blocked Shots : 6 - Penalty Minutes : 10

Official

Referees : Brett Roeland and Chris Lee
Linesman : Kyle Newell and Ken Bonham

Game Notes

No Game Note

Finance

Level 1 -- Attendance: 6000 (100.00%) -- Ticket Income $534,000
Level 2 -- Attendance: 5000 (100.00%) -- Ticket Income $270,000
Level 3 -- Attendance: 2000 (100.00%) -- Ticket Income $56,000
Level 4 -- Attendance: 3126 (78.15%) -- Ticket Income $65,646
Luxury Box -- Attendance: 761 (76.10%) -- Ticket Income $141,546
Game was played at the Honda Center.
Total Attendance: 16887 (93.82%)
Total Ticket Income: $1,067,192
Total Income: $1,067,192

DALLAS

5 vs 5 Forward 
   Center                   Left Wing                Right Wing               Time % Phy DF OF 
 1 Auston Matthews          Mikko Rantanen           Evgenii Dadonov          35     0   1  4  
 2 Pavel Zacha              Timo Meier               Alex Tuch                30     1   1  3  
 3 Jason Spezza             Lawson Crouse            Kasperi Kapanen          23     1   2  2  
 4 Kirby Dach               Travis Konecny           Ilya Mikheyev            12     1   2  2  

5 vs 5 Defense 
   Defense                  Defense                                           Time % Phy DF OF 
 1 Charlie McAvoy           Jakob Chychrun                                    34     1   1  3  
 2 Quinn Hughes             Brady Skjei                                       33     1   1  3  
 3 Adam Boqvist             Nikita Zaitsev                                    23     1   2  2  
 4 Charlie McAvoy           Brady Skjei                                       10     1   1  3  

PowerPlay Forward 
   Center                   Left Wing                Right Wing               Time % Phy DF OF 
 1 Auston Matthews          Timo Meier               Travis Konecny           55     0   1  4  
 2 Mikko Rantanen           Evgenii Dadonov          Kasperi Kapanen          45     0   1  4  

PowerPlay Defense
   Defense                  Defense                                           Time % Phy DF OF 
 1 Charlie McAvoy           Brady Skjei                                       60     1   2  2  
 2 Quinn Hughes             Jakob Chychrun                                    40     1   2  2  

Penalty Kill 4 Players Forward 
   Center                   Wing                     Time % Phy DF OF 
 1 Pavel Zacha              Lawson Crouse            60     0   4  1  
 2 Auston Matthews          Kasperi Kapanen          40     0   4  1  

Penalty Kill 4 Players Defense
   Defense                  Defense                  Time % Phy DF OF 
 1 Charlie McAvoy           Nikita Zaitsev           50     1   4  0  
 2 Brady Skjei              Jakob Chychrun           50     1   4  0  

Penalty Kill - 3 Players Forward 
   Forward                                           Time % Phy DF OF 
 1 Lawson Crouse                                     60     0   5  0  
 2 Kasperi Kapanen                                   40     0   5  0  

Penalty Kill - 3 Players Defense
   Defense                  Defense                  Time % Phy DF OF 
 1 Brady Skjei              Nikita Zaitsev           60     0   5  0  
 2 Charlie McAvoy           Jakob Chychrun           40     0   5  0  

4 vs 4 Forward 
   Center                   Wing                     Time % Phy DF OF 
 1 Auston Matthews          Mikko Rantanen           60     1   1  3  
 2 Timo Meier               Evgenii Dadonov          40     1   2  2  

4 vs 4 Defense
   Defense                  Defense                  Time % Phy DF OF 
 1 Charlie McAvoy           Brady Skjei              60     1   1  3  
 2 Nikita Zaitsev           Jakob Chychrun           40     1   2  2  

Last Minutes Offensive
   Center                   Left Wing                Right Wing               Defense                  Defense                  
   Auston Matthews          Mikko Rantanen           Timo Meier               Charlie McAvoy           Brady Skjei              

Last Minutes Defensive
   Center                   Left Wing                Right Wing               Defense                  Defense                  
   Auston Matthews          Timo Meier               Lawson Crouse            Charlie McAvoy           Brady Skjei              

Goaltenders
Starting : Ben Bishop               
Backup : Ilya Samsonov            

Extra Forwards
Normal : Mikko Rantanen, Auston Matthews, Timo Meier - PP : Mikko Rantanen, Auston Matthews - PK : Lawson Crouse
Extra Defensemen
Normal : Jakob Chychrun, Charlie McAvoy, Nikita Zaitsev - PP : Charlie McAvoy - PK : Brady Skjei, Charlie McAvoy
Penalty Shots
Mikko Rantanen, Jason Spezza, Auston Matthews, Charlie McAvoy, Kirby Dach

Scratches
Vladimir Sobotka (Healthy), Denis Gurianov (Healthy)

ANAHEIM

5 vs 5 Forward 
   Center                   Left Wing                Right Wing               Time % Phy DF OF 
 1 Connor McDavid           Jason Zucker             Frank Vatrano            35     1   2  2  
 2 Evgeny Kuznetsov         Andreas Athanasiou       Zach Sanford             30     1   2  2  
 3 Pierre-Luc Dubois        Michael Frolik           Tyler Motte              25     1   2  2  
 4 Andrew Shaw              Connor McDavid           Evgeny Kuznetsov         10     1   2  2  

5 vs 5 Defense 
   Defense                  Defense                                           Time % Phy DF OF 
 1 Olli Maatta              Joel Edmundson                                    35     1   2  2  
 2 Anton Stralman           Jake McCabe                                       30     1   2  2  
 3 Trevor van Riemsdyk      Caleb Jones                                       25     1   2  2  
 4 Mike Green               Olli Maatta                                       10     1   2  2  

PowerPlay Forward 
   Center                   Left Wing                Right Wing               Time % Phy DF OF 
 1 Connor McDavid           Jason Zucker             Frank Vatrano            60     1   2  2  
 2 Evgeny Kuznetsov         Andreas Athanasiou       Zach Sanford             40     1   2  2  

PowerPlay Defense
   Defense                  Defense                                           Time % Phy DF OF 
 1 Olli Maatta              Joel Edmundson                                    60     1   2  2  
 2 Anton Stralman           Jake McCabe                                       40     1   2  2  

Penalty Kill 4 Players Forward 
   Center                   Wing                     Time % Phy DF OF 
 1 Connor McDavid           Evgeny Kuznetsov         60     1   2  2  
 2 Pierre-Luc Dubois        Jason Zucker             40     1   2  2  

Penalty Kill 4 Players Defense
   Defense                  Defense                  Time % Phy DF OF 
 1 Olli Maatta              Joel Edmundson           60     1   2  2  
 2 Anton Stralman           Jake McCabe              40     1   2  2  

Penalty Kill - 3 Players Forward 
   Forward                                           Time % Phy DF OF 
 1 Connor McDavid                                    60     1   2  2  
 2 Evgeny Kuznetsov                                  40     1   2  2  

Penalty Kill - 3 Players Defense
   Defense                  Defense                  Time % Phy DF OF 
 1 Olli Maatta              Joel Edmundson           60     1   2  2  
 2 Anton Stralman           Jake McCabe              40     1   2  2  

4 vs 4 Forward 
   Center                   Wing                     Time % Phy DF OF 
 1 Connor McDavid           Evgeny Kuznetsov         60     1   2  2  
 2 Pierre-Luc Dubois        Jason Zucker             40     1   2  2  

4 vs 4 Defense
   Defense                  Defense                  Time % Phy DF OF 
 1 Olli Maatta              Joel Edmundson           60     1   2  2  
 2 Anton Stralman           Jake McCabe              40     1   2  2  

Last Minutes Offensive
   Center                   Left Wing                Right Wing               Defense                  Defense                  
   Connor McDavid           Jason Zucker             Frank Vatrano            Olli Maatta              Joel Edmundson           

Last Minutes Defensive
   Center                   Left Wing                Right Wing               Defense                  Defense                  
   Connor McDavid           Jason Zucker             Frank Vatrano            Olli Maatta              Joel Edmundson           

Goaltenders
Starting : Cam Talbot               
Backup : Juuse Saros              

Extra Forwards
Normal : Chris Wagner, Andrew Shaw, Michael Frolik - PP : Chris Wagner, Andrew Shaw - PK : Michael Frolik
Extra Defensemen
Normal : Trevor van Riemsdyk, Caleb Jones, Mike Green - PP : Trevor van Riemsdyk - PK : Caleb Jones, Mike Green
Penalty Shots
Connor McDavid, Evgeny Kuznetsov, Pierre-Luc Dubois, Jason Zucker, Frank Vatrano

Scratches
ANA Cap Hit (Suspend)

% Time on Ice - DALLAS

Lines # - Real PCT - Wanted PCT - Time Play
Normal Forward
1 - 36% - 35% - 16:07
2 - 30% - 30% - 13:39
3 - 21% - 23% - 9:23
4 - 13% - 12% - 5:50
Normal Defense
1 - 33% - 34% - 14:58
2 - 33% - 33% - 14:50
3 - 30% - 23% - 13:42
4 - 3% - 10% - 1:29
PP Forward
1 - 57% - 55% - 4:02
2 - 43% - 45% - 3:03
PP Defense
1 - 60% - 60% - 4:16
2 - 40% - 40% - 2:49
PK Forward
1 - 77% - 60% - 4:35
2 - 23% - 40% - 1:22
PK Defense
1 - 43% - 50% - 2:34
2 - 57% - 50% - 3:23
PK3 Forward
1 - 0% - 60%
2 - 0% - 40%
PK3 Defense
1 - 0% - 60%
2 - 0% - 40%
44 Forward
1 - 100% - 60% - 1:59
2 - 0% - 40% - 0:00
44 Defense
1 - 76% - 60% - 1:31
2 - 24% - 40% - 0:28
Last Minute Offensive  - 0:00
Last Minute Defensive  - 0:00
Total
Forward - 60:00
Defense - 60:00

% Time on Ice - ANAHEIM

Lines # - Real PCT - Wanted PCT - Time Play
Normal Forward
1 - 32% - 35% - 14:36
2 - 32% - 30% - 14:29
3 - 31% - 25% - 14:01
4 - 4% - 10% - 1:53
Normal Defense
1 - 35% - 35% - 15:50
2 - 31% - 30% - 13:53
3 - 31% - 25% - 13:44
4 - 3% - 10% - 1:32
PP Forward
1 - 49% - 60% - 2:55
2 - 51% - 40% - 3:02
PP Defense
1 - 50% - 60% - 2:57
2 - 50% - 40% - 3:00
PK Forward
1 - 74% - 60% - 5:13
2 - 26% - 40% - 1:52
PK Defense
1 - 56% - 60% - 3:56
2 - 44% - 40% - 3:09
PK3 Forward
1 - 0% - 60%
2 - 0% - 40%
PK3 Defense
1 - 0% - 60%
2 - 0% - 40%
44 Forward
1 - 66% - 60% - 1:18
2 - 34% - 40% - 0:41
44 Defense
1 - 55% - 60% - 1:06
2 - 45% - 40% - 0:53
Last Minute Offensive  - 0:00
Last Minute Defensive  - 0:00
Total
Forward - 60:00
Defense - 60:00

Play-by-Play

1st period


0:01 of 1st period - Connor McDavid wins face-off versus Auston Matthews in neutral zone.
0:01 of 1st period - Connor McDavid is hit by Auston Matthews.
0:04 of 1st period - Olli Maatta is hit by Jakob Chychrun and loses puck.
0:10 of 1st period - Minor Penalty to Evgenii Dadonov for High sticking.
0:11 of 1st period - Evgeny Kuznetsov wins face-off versus Pavel Zacha in DALLAS zone.
0:12 of 1st period - Shot by Olli Maatta.
0:12 of 1st period - Stopped by Ben Bishop without a rebound.
0:13 of 1st period - Connor McDavid wins face-off versus Pavel Zacha in DALLAS zone.
1:04 of 1st period - Icing by Anton Stralman.
1:05 of 1st period - Evgeny Kuznetsov wins face-off versus Auston Matthews in ANAHEIM zone.
1:39 of 1st period - Icing by Andreas Athanasiou.
1:40 of 1st period - Pavel Zacha wins face-off versus Evgeny Kuznetsov in ANAHEIM zone.
1:41 of 1st period - Shot by Charlie McAvoy.
1:41 of 1st period - Stopped by Cam Talbot with a rebound.
2:09 of 1st period - Icing by Jason Zucker.
2:10 of 1st period - Auston Matthews wins face-off versus Pierre-Luc Dubois in ANAHEIM zone.
3:19 of 1st period - Charlie McAvoy is hit by Joel Edmundson.
3:24 of 1st period - Icing by Joel Edmundson.
3:25 of 1st period - Connor McDavid wins face-off versus Pavel Zacha in ANAHEIM zone.
3:30 of 1st period - Shot by Frank Vatrano.
3:30 of 1st period - Stopped by Ben Bishop without a rebound.
3:31 of 1st period - Pavel Zacha wins face-off versus Evgeny Kuznetsov in DALLAS zone.
4:37 of 1st period - Jason Zucker is hit by Brady Skjei and loses puck.
4:45 of 1st period - Jason Zucker is hit by Brady Skjei and loses puck.
4:50 of 1st period - Shot by Connor McDavid.
4:50 of 1st period - Shot Misses the Net.
4:52 of 1st period - Shot by Connor McDavid.
4:52 of 1st period - Shot Blocked by Quinn Hughes.
4:58 of 1st period - Shot by Connor McDavid.
4:58 of 1st period - Shot Misses the Net.
5:02 of 1st period - Shot by Frank Vatrano.
5:02 of 1st period - Goal by Frank Vatrano - DALLAS : 0 - ANAHEIM : 1.
5:03 of 1st period - Pierre-Luc Dubois wins face-off versus Auston Matthews in neutral zone.
5:30 of 1st period - Shot by Michael Frolik.
5:30 of 1st period - Shot Misses the Net.
5:32 of 1st period - Shot by Michael Frolik.
5:32 of 1st period - Deflect By Pierre-Luc Dubois.
5:32 of 1st period - Shot Misses the Net.
5:36 of 1st period - Shot by Pierre-Luc Dubois.
5:36 of 1st period - Shot Misses the Net.
5:38 of 1st period - Shot by Tyler Motte.
5:38 of 1st period - Stopped by Ben Bishop with a rebound.
5:55 of 1st period - Icing by Charlie McAvoy.
5:56 of 1st period - Connor McDavid wins face-off versus Auston Matthews in DALLAS zone.
6:07 of 1st period - Shot by Jake McCabe.
6:07 of 1st period - Shot Misses the Net.
6:25 of 1st period - Shot by Frank Vatrano.
6:25 of 1st period - Shot Misses the Net.
6:27 of 1st period - Shot by Frank Vatrano.
6:27 of 1st period - Stopped by Ben Bishop without a rebound.
6:28 of 1st period - Pavel Zacha wins face-off versus Evgeny Kuznetsov in DALLAS zone.
6:50 of 1st period - Shot by Timo Meier.
6:50 of 1st period - Stopped by Cam Talbot without a rebound.
6:51 of 1st period - Pierre-Luc Dubois wins face-off versus Jason Spezza in ANAHEIM zone.
6:51 of 1st period - Pierre-Luc Dubois is hit by Lawson Crouse.
7:40 of 1st period - Shot by Timo Meier.
7:40 of 1st period - Stopped by Cam Talbot without a rebound.
7:41 of 1st period - Pavel Zacha wins face-off versus Connor McDavid in ANAHEIM zone.
7:52 of 1st period - Pavel Zacha is hit by Jason Zucker and loses puck.
8:20 of 1st period - Shot by Connor McDavid.
8:20 of 1st period - Stopped by Ben Bishop without a rebound.
8:21 of 1st period - Auston Matthews wins face-off versus Evgeny Kuznetsov in DALLAS zone.
8:42 of 1st period - Evgeny Kuznetsov is hit by Charlie McAvoy and loses puck.
8:47 of 1st period - Shot by Evgeny Kuznetsov.
8:47 of 1st period - Stopped by Ben Bishop without a rebound.
8:48 of 1st period - Kirby Dach wins face-off versus Pierre-Luc Dubois in DALLAS zone.
8:52 of 1st period - Icing by Brady Skjei.
8:53 of 1st period - Connor McDavid wins face-off versus Kirby Dach in DALLAS zone.
9:58 of 1st period - Timo Meier is hit by Anton Stralman and loses puck.
10:05 of 1st period - Evgeny Kuznetsov is hit by Alex Tuch and loses puck.
12:14 of 1st period - Shot by Mikko Rantanen.
12:14 of 1st period - Shot Blocked by Olli Maatta.
12:16 of 1st period - Shot by Brady Skjei.
12:16 of 1st period - Shot Blocked by Olli Maatta.
12:30 of 1st period - Shot by Auston Matthews.
12:30 of 1st period - Shot Blocked by Olli Maatta.
12:32 of 1st period - Shot by Evgenii Dadonov.
12:32 of 1st period - Stopped by Cam Talbot without a rebound.
12:33 of 1st period - Connor McDavid wins face-off versus Kirby Dach in ANAHEIM zone.
13:12 of 1st period - Icing by Charlie McAvoy.
13:13 of 1st period - Evgeny Kuznetsov wins face-off versus Kirby Dach in DALLAS zone.
13:23 of 1st period - Minor Penalty to Zach Sanford for Boarding.
13:24 of 1st period - Mikko Rantanen wins face-off versus Evgeny Kuznetsov in ANAHEIM zone.
14:36 of 1st period - Shot by Timo Meier.
14:36 of 1st period - Shot Hit the Post.
14:38 of 1st period - Shot by Jakob Chychrun.
14:38 of 1st period - Stopped by Cam Talbot without a rebound.
14:39 of 1st period - Auston Matthews wins face-off versus Pierre-Luc Dubois in ANAHEIM zone.
15:42 of 1st period - Shot by Lawson Crouse.
15:42 of 1st period - Shot Misses the Net.
17:05 of 1st period - Evgeny Kuznetsov is hit by Jakob Chychrun and loses puck.
17:59 of 1st period - Minor Penalty to Mike Green for Slashing.
17:59 of 1st period - Minor Penalty to Travis Konecny for Roughing.
18:00 of 1st period - Connor McDavid wins face-off versus Jason Spezza in ANAHEIM zone.
18:25 of 1st period - Shot by Evgeny Kuznetsov.
18:25 of 1st period - Shot Misses the Net.
18:27 of 1st period - Shot by Olli Maatta.
18:27 of 1st period - Deflect By Connor McDavid.
18:27 of 1st period - Shot Misses the Net.
19:24 of 1st period - Shot by Connor McDavid.
19:24 of 1st period - Deflect By Chris Wagner.
19:24 of 1st period - Shot Misses the Net.
19:26 of 1st period - Shot by Olli Maatta.
19:26 of 1st period - Stopped by Ben Bishop with a rebound.
19:28 of 1st period - Shot by Olli Maatta.
19:28 of 1st period - Shot Misses the Net.
19:30 of 1st period - Shot by Joel Edmundson.
19:30 of 1st period - Stopped by Ben Bishop without a rebound.
19:31 of 1st period - Auston Matthews wins face-off versus Chris Wagner in DALLAS zone.
19:38 of 1st period - Shot by Auston Matthews.
19:38 of 1st period - Stopped by Cam Talbot without a rebound.
19:39 of 1st period - Auston Matthews wins face-off versus Connor McDavid in ANAHEIM zone.
19:42 of 1st period - Shot by Mikko Rantanen.
19:42 of 1st period - Stopped by Cam Talbot without a rebound.
19:43 of 1st period - Connor McDavid wins face-off versus Auston Matthews in ANAHEIM zone.
19:50 of 1st period - Shot by Connor McDavid.
19:50 of 1st period - Shot Blocked by Nikita Zaitsev.
Goals for this period are 0 for DALLAS vs 1 for ANAHEIM.
Shots for this period are 7 for DALLAS vs 9 for ANAHEIM.

2nd period


0:01 of 2nd period - Auston Matthews wins face-off versus Evgeny Kuznetsov in neutral zone.
0:08 of 2nd period - Shot by Mikko Rantanen.
0:08 of 2nd period - Stopped by Cam Talbot without a rebound.
0:09 of 2nd period - Connor McDavid wins face-off versus Pavel Zacha in ANAHEIM zone.
0:20 of 2nd period - Shot by Jason Zucker.
0:20 of 2nd period - Stopped by Ben Bishop without a rebound.
0:21 of 2nd period - Mikko Rantanen wins face-off versus Evgeny Kuznetsov in DALLAS zone.
1:41 of 2nd period - Icing by Olli Maatta.
1:42 of 2nd period - Pavel Zacha wins face-off versus Connor McDavid in ANAHEIM zone.
1:49 of 2nd period - Shot by Pavel Zacha.
1:49 of 2nd period - Shot Blocked by Joel Edmundson.
2:12 of 2nd period - Shot by Timo Meier.
2:12 of 2nd period - Shot Misses the Net.
2:32 of 2nd period - Shot by Jakob Chychrun.
2:32 of 2nd period - Shot Hit the Post.
2:34 of 2nd period - Shot by Charlie McAvoy.
2:34 of 2nd period - Shot Misses the Net.
2:56 of 2nd period - Shot by Lawson Crouse.
2:56 of 2nd period - Shot Misses the Net.
2:58 of 2nd period - Shot by Jakob Chychrun.
2:58 of 2nd period - Shot Misses the Net.
3:25 of 2nd period - Off-side.
3:26 of 2nd period - Kirby Dach wins face-off versus Evgeny Kuznetsov in neutral zone.
3:32 of 2nd period - Ilya Mikheyev is hit by Jake McCabe and loses puck.
4:25 of 2nd period - Shot by Mikko Rantanen.
4:25 of 2nd period - Shot Blocked by Joel Edmundson.
5:13 of 2nd period - Off-side.
5:14 of 2nd period - Jason Spezza wins face-off versus Pierre-Luc Dubois in neutral zone.
5:43 of 2nd period - Shot by Adam Boqvist.
5:43 of 2nd period - Stopped by Cam Talbot without a rebound.
5:44 of 2nd period - Evgeny Kuznetsov wins face-off versus Pavel Zacha in ANAHEIM zone.
5:44 of 2nd period - Evgeny Kuznetsov is hit by Timo Meier.
6:00 of 2nd period - Shot by Timo Meier.
6:00 of 2nd period - Stopped by Cam Talbot without a rebound.
6:01 of 2nd period - Andrew Shaw wins face-off versus Auston Matthews in ANAHEIM zone.
6:01 of 2nd period - Andrew Shaw is hit by Mikko Rantanen.
6:08 of 2nd period - Minor Penalty to Jakob Chychrun for Boarding.
6:09 of 2nd period - Connor McDavid wins face-off versus Pavel Zacha in DALLAS zone.
6:09 of 2nd period - Frank Vatrano is hit by Charlie McAvoy and loses puck.
6:34 of 2nd period - Shot by Olli Maatta.
6:34 of 2nd period - Stopped by Ben Bishop with a rebound.
6:40 of 2nd period - Shot by Frank Vatrano.
6:40 of 2nd period - Stopped by Ben Bishop without a rebound.
6:41 of 2nd period - Pavel Zacha wins face-off versus Evgeny Kuznetsov in DALLAS zone.
6:57 of 2nd period - Shot by Jake McCabe.
6:57 of 2nd period - Shot Blocked by Brady Skjei.
6:59 of 2nd period - Shot by Jake McCabe.
6:59 of 2nd period - Stopped by Ben Bishop without a rebound.
7:00 of 2nd period - Pavel Zacha wins face-off versus Connor McDavid in DALLAS zone.
7:00 of 2nd period - Pavel Zacha is hit by Frank Vatrano.
8:21 of 2nd period - Travis Konecny is hit by Tyler Motte and loses puck.
9:18 of 2nd period - Shot by Jake McCabe.
9:18 of 2nd period - Stopped by Ben Bishop without a rebound.
9:19 of 2nd period - Pavel Zacha wins face-off versus Connor McDavid in DALLAS zone.
9:43 of 2nd period - Shot by Connor McDavid.
9:43 of 2nd period - Stopped by Ben Bishop with a rebound.
9:45 of 2nd period - Shot by Frank Vatrano.
9:45 of 2nd period - Stopped by Ben Bishop without a rebound.
9:46 of 2nd period - Evgeny Kuznetsov wins face-off versus Jason Spezza in DALLAS zone.
10:20 of 2nd period - Shot by Evgeny Kuznetsov.
10:20 of 2nd period - Shot Misses the Net.
10:22 of 2nd period - Shot by Andreas Athanasiou.
10:22 of 2nd period - Deflect By Zach Sanford.
10:22 of 2nd period - Shot Blocked by Charlie McAvoy.
10:48 of 2nd period - Shot by Pierre-Luc Dubois.
10:48 of 2nd period - Shot Misses the Net.
11:28 of 2nd period - Shot by Connor McDavid.
11:28 of 2nd period - Stopped by Ben Bishop with a rebound.
11:31 of 2nd period - Icing by Adam Boqvist.
11:32 of 2nd period - Andrew Shaw wins face-off versus Auston Matthews in DALLAS zone.
11:32 of 2nd period - Anton Stralman is hit by Adam Boqvist.
11:47 of 2nd period - Icing by Nikita Zaitsev.
11:48 of 2nd period - Evgeny Kuznetsov wins face-off versus Auston Matthews in DALLAS zone.
12:00 of 2nd period - Evgeny Kuznetsov is hit by Nikita Zaitsev and loses puck.
12:10 of 2nd period - Minor Penalty to Evgeny Kuznetsov for Holding.
12:11 of 2nd period - Timo Meier wins face-off versus Connor McDavid in ANAHEIM zone.
12:36 of 2nd period - Shot by Brady Skjei.
12:36 of 2nd period - Stopped by Cam Talbot without a rebound.
12:37 of 2nd period - Connor McDavid wins face-off versus Auston Matthews in ANAHEIM zone.
13:00 of 2nd period - Shot by Timo Meier.
13:00 of 2nd period - Stopped by Cam Talbot without a rebound.
13:01 of 2nd period - Connor McDavid wins face-off versus Mikko Rantanen in ANAHEIM zone.
13:12 of 2nd period - Anton Stralman is hit by Kasperi Kapanen.
13:18 of 2nd period - Shot by Mikko Rantanen.
13:18 of 2nd period - Goal by Mikko Rantanen - DALLAS : 1 - ANAHEIM : 1.
13:19 of 2nd period - Jason Spezza wins face-off versus Evgeny Kuznetsov in neutral zone.
13:19 of 2nd period - Minor Penalty to Andreas Athanasiou for Hooking.
13:20 of 2nd period - Auston Matthews wins face-off versus Connor McDavid in ANAHEIM zone.
13:20 of 2nd period - Travis Konecny is hit by Joel Edmundson and loses puck.
13:31 of 2nd period - Shot by Timo Meier.
13:31 of 2nd period - Stopped by Cam Talbot without a rebound.
13:32 of 2nd period - Mikko Rantanen wins face-off versus Connor McDavid in ANAHEIM zone.
14:05 of 2nd period - Shot by Brady Skjei.
14:05 of 2nd period - Shot Blocked by Olli Maatta.
14:25 of 2nd period - Shot by Timo Meier.
14:25 of 2nd period - Deflect By Auston Matthews.
14:25 of 2nd period - Stopped by Cam Talbot without a rebound.
14:26 of 2nd period - Auston Matthews wins face-off versus Pierre-Luc Dubois in ANAHEIM zone.
14:27 of 2nd period - Shot by Timo Meier.
14:27 of 2nd period - Shot Misses the Net.
14:36 of 2nd period - Shot by Quinn Hughes.
14:36 of 2nd period - Stopped by Cam Talbot without a rebound.
14:37 of 2nd period - Pierre-Luc Dubois wins face-off versus Auston Matthews in ANAHEIM zone.
15:07 of 2nd period - Off-side.
15:08 of 2nd period - Pierre-Luc Dubois wins face-off versus Mikko Rantanen in neutral zone.
15:17 of 2nd period - Olli Maatta is hit by Mikko Rantanen and loses puck.
15:25 of 2nd period - Icing by Caleb Jones.
15:26 of 2nd period - Jason Spezza wins face-off versus Pierre-Luc Dubois in ANAHEIM zone.
15:26 of 2nd period - Jason Spezza is hit by Caleb Jones.
16:01 of 2nd period - Shot by Kasperi Kapanen.
16:01 of 2nd period - Stopped by Cam Talbot without a rebound.
16:02 of 2nd period - Alex Tuch wins face-off versus Evgeny Kuznetsov in ANAHEIM zone.
16:08 of 2nd period - Minor Penalty to Pavel Zacha for Hooking.
16:09 of 2nd period - Jason Spezza wins face-off versus Connor McDavid in DALLAS zone.
16:28 of 2nd period - Shot by Olli Maatta.
16:28 of 2nd period - Stopped by Ben Bishop without a rebound.
16:29 of 2nd period - Jason Spezza wins face-off versus Evgeny Kuznetsov in DALLAS zone.
16:35 of 2nd period - Icing by Anton Stralman.
16:36 of 2nd period - Lawson Crouse wins face-off versus Andreas Athanasiou in ANAHEIM zone.
17:04 of 2nd period - Shot by Jake McCabe.
17:04 of 2nd period - Stopped by Ben Bishop without a rebound.
17:05 of 2nd period - Jason Spezza wins face-off versus Connor McDavid in DALLAS zone.
17:05 of 2nd period - Jason Spezza is hit by Frank Vatrano.
17:30 of 2nd period - Shot by Connor McDavid.
17:30 of 2nd period - Shot Misses the Net.
17:32 of 2nd period - Shot by Olli Maatta.
17:32 of 2nd period - Stopped by Ben Bishop without a rebound.
17:33 of 2nd period - Evgeny Kuznetsov wins face-off versus Alex Tuch in DALLAS zone.
17:55 of 2nd period - Evgeny Kuznetsov is hit by Jakob Chychrun and loses puck.
18:09 of 2nd period - Icing by Alex Tuch.
18:10 of 2nd period - Auston Matthews wins face-off versus Connor McDavid in DALLAS zone.
19:10 of 2nd period - Shot by Pierre-Luc Dubois.
19:10 of 2nd period - Stopped by Ben Bishop without a rebound.
19:11 of 2nd period - Timo Meier wins face-off versus Evgeny Kuznetsov in DALLAS zone.
19:59 of 2nd period - Quinn Hughes is hit by Caleb Jones and loses puck.
Goals for this period are 1 for DALLAS vs 0 for ANAHEIM.
Shots for this period are 10 for DALLAS vs 12 for ANAHEIM.

3rd period


0:01 of 3rd period - Connor McDavid wins face-off versus Pavel Zacha in neutral zone.
0:25 of 3rd period - Connor McDavid is hit by Brady Skjei and loses puck.
0:33 of 3rd period - Icing by Timo Meier.
0:34 of 3rd period - Andreas Athanasiou wins face-off versus Pavel Zacha in DALLAS zone.
1:10 of 3rd period - Icing by Quinn Hughes.
1:11 of 3rd period - Pavel Zacha wins face-off versus Tyler Motte in DALLAS zone.
1:11 of 3rd period - Pavel Zacha is hit by Pierre-Luc Dubois.
1:17 of 3rd period - Off-side.
1:18 of 3rd period - Frank Vatrano wins face-off versus Evgenii Dadonov in neutral zone.
1:46 of 3rd period - Shot by Connor McDavid.
1:46 of 3rd period - Goal by Connor McDavid - DALLAS : 1 - ANAHEIM : 2.
1:47 of 3rd period - Jason Spezza wins face-off versus Evgeny Kuznetsov in neutral zone.
2:03 of 3rd period - Off-side.
2:04 of 3rd period - Michael Frolik wins face-off versus Kirby Dach in neutral zone.
3:19 of 3rd period - Shot by Auston Matthews.
3:19 of 3rd period - Stopped by Cam Talbot without a rebound.
3:20 of 3rd period - Alex Tuch wins face-off versus Evgeny Kuznetsov in ANAHEIM zone.
3:23 of 3rd period - Shot by Timo Meier.
3:23 of 3rd period - Stopped by Cam Talbot without a rebound.
3:24 of 3rd period - Evgeny Kuznetsov wins face-off versus Pavel Zacha in ANAHEIM zone.
4:31 of 3rd period - Shot by Connor McDavid.
4:31 of 3rd period - Shot Misses the Net.
4:41 of 3rd period - Shot by Frank Vatrano.
4:41 of 3rd period - Shot Misses the Net.
4:47 of 3rd period - Shot by Jason Zucker.
4:47 of 3rd period - Stopped by Ben Bishop without a rebound.
4:48 of 3rd period - Jason Spezza wins face-off versus Tyler Motte in DALLAS zone.
5:20 of 3rd period - Shot by Lawson Crouse.
5:20 of 3rd period - Stopped by Cam Talbot without a rebound.
5:21 of 3rd period - Connor McDavid wins face-off versus Timo Meier in ANAHEIM zone.
5:40 of 3rd period - Shot by Timo Meier.
5:40 of 3rd period - Goal by Timo Meier - DALLAS : 2 - ANAHEIM : 2.
5:41 of 3rd period - Evgeny Kuznetsov wins face-off versus Auston Matthews in neutral zone.
5:50 of 3rd period - Icing by Evgenii Dadonov.
5:51 of 3rd period - Auston Matthews wins face-off versus Jason Zucker in DALLAS zone.
6:10 of 3rd period - Frank Vatrano is hit by Brady Skjei and loses puck.
6:21 of 3rd period - Shot by Auston Matthews.
6:21 of 3rd period - Shot Misses the Net.
6:32 of 3rd period - Evgenii Dadonov is hit by Joel Edmundson and loses puck.
6:34 of 3rd period - Minor Penalty to Joel Edmundson for Holding.
6:35 of 3rd period - Auston Matthews wins face-off versus Connor McDavid in ANAHEIM zone.
6:48 of 3rd period - Shot by Timo Meier.
6:48 of 3rd period - Stopped by Cam Talbot without a rebound.
6:49 of 3rd period - Connor McDavid wins face-off versus Mikko Rantanen in ANAHEIM zone.
7:01 of 3rd period - Off-side.
7:02 of 3rd period - Auston Matthews wins face-off versus Connor McDavid in neutral zone.
7:18 of 3rd period - Auston Matthews is hit by Olli Maatta and loses puck.
7:33 of 3rd period - Shot by Auston Matthews.
7:33 of 3rd period - Shot Misses the Net.
8:43 of 3rd period - Pavel Zacha is hit by Trevor van Riemsdyk and loses puck.
9:32 of 3rd period - Off-side.
9:33 of 3rd period - Kirby Dach wins face-off versus Connor McDavid in neutral zone.
10:17 of 3rd period - Brady Skjei is hit by Andreas Athanasiou and loses puck.
10:24 of 3rd period - Shot by Andreas Athanasiou.
10:24 of 3rd period - Stopped by Ben Bishop without a rebound.
10:25 of 3rd period - Auston Matthews wins face-off versus Pierre-Luc Dubois in DALLAS zone.
11:07 of 3rd period - Off-side.
11:08 of 3rd period - Jason Spezza wins face-off versus Evgeny Kuznetsov in neutral zone.
11:23 of 3rd period - Andreas Athanasiou is hit by Adam Boqvist and loses puck.
11:38 of 3rd period - Shot by Evgeny Kuznetsov.
11:38 of 3rd period - Stopped by Ben Bishop without a rebound.
11:39 of 3rd period - Connor McDavid wins face-off versus Pavel Zacha in DALLAS zone.
11:40 of 3rd period - Shot by Jason Zucker.
11:40 of 3rd period - Stopped by Ben Bishop without a rebound.
11:41 of 3rd period - Connor McDavid wins face-off versus Pavel Zacha in DALLAS zone.
11:56 of 3rd period - Shot by Frank Vatrano.
11:56 of 3rd period - Goal by Frank Vatrano - DALLAS : 2 - ANAHEIM : 3.
11:57 of 3rd period - Auston Matthews wins face-off versus Evgeny Kuznetsov in neutral zone.
12:47 of 3rd period - Shot by Timo Meier.
12:47 of 3rd period - Stopped by Cam Talbot without a rebound.
12:48 of 3rd period - Connor McDavid wins face-off versus Alex Tuch in ANAHEIM zone.
13:05 of 3rd period - Frank Vatrano is hit by Jakob Chychrun and loses puck.
13:11 of 3rd period - Connor McDavid is hit by Charlie McAvoy and loses puck.
13:18 of 3rd period - Shot by Frank Vatrano.
13:18 of 3rd period - Shot Misses the Net.
13:20 of 3rd period - Shot by Joel Edmundson.
13:20 of 3rd period - Goal by Joel Edmundson - DALLAS : 2 - ANAHEIM : 4.
13:21 of 3rd period - Jason Spezza wins face-off versus Pierre-Luc Dubois in neutral zone.
13:39 of 3rd period - Shot by Jason Spezza.
13:39 of 3rd period - Stopped by Cam Talbot without a rebound.
13:40 of 3rd period - Andrew Shaw wins face-off versus Auston Matthews in ANAHEIM zone.
13:40 of 3rd period - Jake McCabe is hit by Evgenii Dadonov and loses puck.
13:45 of 3rd period - Shot by Mikko Rantanen.
13:45 of 3rd period - Stopped by Cam Talbot without a rebound.
13:46 of 3rd period - Auston Matthews wins face-off versus Andreas Athanasiou in ANAHEIM zone.
14:08 of 3rd period - Auston Matthews is hit by Evgeny Kuznetsov and loses puck.
14:46 of 3rd period - Icing by Pavel Zacha.
14:47 of 3rd period - Connor McDavid wins face-off versus Pavel Zacha in DALLAS zone.
14:48 of 3rd period - Shot by Jason Zucker.
14:48 of 3rd period - Stopped by Ben Bishop without a rebound.
14:49 of 3rd period - Jason Zucker wins face-off versus Pavel Zacha in DALLAS zone.
15:25 of 3rd period - Shot by Frank Vatrano.
15:25 of 3rd period - Shot Misses the Net.
15:43 of 3rd period - Shot by Michael Frolik.
15:43 of 3rd period - Shot Misses the Net.
16:07 of 3rd period - Quinn Hughes is hit by Trevor van Riemsdyk and loses puck.
16:29 of 3rd period - Icing by Olli Maatta.
16:30 of 3rd period - Jason Spezza wins face-off versus Zach Sanford in ANAHEIM zone.
16:45 of 3rd period - Shot by Lawson Crouse.
16:45 of 3rd period - Shot Misses the Net.
16:47 of 3rd period - Shot by Jakob Chychrun.
16:47 of 3rd period - Stopped by Cam Talbot without a rebound.
16:48 of 3rd period - Auston Matthews wins face-off versus Frank Vatrano in ANAHEIM zone.
16:57 of 3rd period - Shot by Auston Matthews.
16:57 of 3rd period - Shot Misses the Net.
17:03 of 3rd period - Shot by Mikko Rantanen.
17:03 of 3rd period - Stopped by Cam Talbot without a rebound.
17:04 of 3rd period - Pierre-Luc Dubois wins face-off versus Jason Spezza in ANAHEIM zone.
17:04 of 3rd period - Pierre-Luc Dubois is hit by Lawson Crouse.
17:20 of 3rd period - Off-side.
17:21 of 3rd period - Connor McDavid wins face-off versus Auston Matthews in neutral zone.
17:35 of 3rd period - Icing by Adam Boqvist.
17:36 of 3rd period - Zach Sanford wins face-off versus Auston Matthews in DALLAS zone.
18:25 of 3rd period - Icing by Olli Maatta.
18:26 of 3rd period - Kasperi Kapanen wins face-off versus Evgeny Kuznetsov in ANAHEIM zone.
18:34 of 3rd period - Icing by Zach Sanford.
18:35 of 3rd period - Evgeny Kuznetsov wins face-off versus Timo Meier in ANAHEIM zone.
19:06 of 3rd period - Shot by Connor McDavid.
19:06 of 3rd period - Stopped by Ben Bishop without a rebound.
19:07 of 3rd period - Jason Spezza wins face-off versus Pierre-Luc Dubois in DALLAS zone.
19:40 of 3rd period - Shot by Pierre-Luc Dubois.
19:40 of 3rd period - Shot Misses the Net.
19:46 of 3rd period - Caleb Jones is hit by Lawson Crouse and loses puck.
Goals for this period are 1 for DALLAS vs 3 for ANAHEIM.
Shots for this period are 10 for DALLAS vs 9 for ANAHEIM.